cohdb
Replays
Latest Replays
All Replays
Popular Replays
Top Player Replays
Match Explorer
How It Works
Community
CoH3 Stats
Reddit
Sign in to upload your games and track your stats! →
Sign in with Steam
Match 41158896
Unlisted
Match 41158896
Overview
Messages
Build Orders
End
Kradschützen Motorcycle Team
Panzerpioneer Squad
Panzerpioneer Squad
Panzerpioneer Squad
Panzerpioneer Squad
Selects Italian Infantry
Construct Light Support Kompanie
Forward Retreat Point
2.5-tonne Medical Truck
Selects Guastatori Squad
Construct Mechanized Kompanie
Selects Sound the Alarm
Guastatori Squad
Guastatori Squad
Selects Territory Booby Traps
Selects Registered Artillery
Marder III Tank Destroyer
Sound the Alarm
Veteran Squad Leaders
Selects Propaganda War
Marder III Tank Destroyer
Guastatori Squad
Guastatori Squad
Selects Towed Cannone da 105/28 Field Howitzer
Marder III Tank Destroyer
Propaganda War
Marder III Tank Destroyer
Guastatori Squad
Marder III Tank Destroyer
Registered Artillery
Guastatori Squad
Big Oil Robot
CPU - VERY EASY
younis02yahya
BunK
Raspberry
WFantasy
0
0
Comments
sign in to comment!
No comments posted yet!